 Dungeon Crawl Stone Soup version 0.24-a0-521-g122614bf49 (webtiles) character file.

Game seed: 14346549697633033708

4094 Froggeryz the Severer (level 10, -2/83 HPs)
             Began as a Minotaur Berserker on July 28, 2019.
             Was an Elder of Trog.
             Slain by a three-headed hydra (4 damage)
             ... on level 8 of the Dungeon.
             The game lasted 00:12:29 (7526 turns).

Froggeryz the Severer (Minotaur Berserker)          Turns: 7526, Time: 00:12:29

Health: -2/83      AC:  8    Str: 26    XL:     10   Next: 5%
Magic:  9/9        EV: 11    Int:  4    God:    Trog [****..]
Gold:   465        SH:  0    Dex: 11    Spells: 9/9 levels left

rFire    . . .     SeeInvis .   C - +1 hand axe of Insomnia {drain, Str+2}
rCold    . . .     Gourm    +   (no shield)
rNeg     . . .     Faith    .   w - +0 ring mail
rPois    .         Spirit   .   (helmet restricted)
rElec    .         Reflect  .   E - +0 cloak
rCorr    .         Harm     .   g - +0 pair of gloves
MR       .....                  v - +0 pair of boots
Stlth    +.........             q - amulet of the gourmand
HPRegen  0.23/turn              (no ring)
MPRegen  0.11/turn              (no ring)

@: no status effects
A: retaliatory headbutt, horns 2
a: Berserk, Trog's Hand, Brothers in Arms, Renounce Religion


You were on level 8 of the Dungeon.
You worshipped Trog.
Trog was greatly pleased with you.
You were full.

You visited 1 branch of the dungeon, and saw 8 of its levels.

You collected 465 gold pieces.

Inventory:

Hand Weapons
 C - the +1 hand axe of Insomnia (weapon) {drain, Str+2}
   (You found it on level 6 of the Dungeon)

   A truly terrible weapon, it drains the life of those it strikes.
   It affects your strength (+2).
Missiles
 s - 36 poisoned darts (quivered)
Armour
 g - a +0 pair of gloves (worn)
 v - a +0 pair of boots (worn)
 w - a +0 ring mail (worn)
 E - a +0 cloak (worn)
Jewellery
 q - an amulet of the gourmand (around neck)
Wands
 a - a wand of disintegration (15)
 k - a wand of flame (11)
 B - a wand of digging (2)
Scrolls
 e - 5 scrolls of amnesia
 h - 3 scrolls of remove curse
 o - a scroll of summoning {unknown}
 p - a scroll of fear {unknown}
 x - 3 scrolls of magic mapping {unknown}
 A - a scroll of blinking {unknown}
 D - a scroll of noise {unknown}
 G - a scroll of vulnerability {unknown}
Potions
 b - a potion of ambrosia
 d - a potion of might
 f - 3 potions of lignification
 i - a potion of resistance
 j - a potion of mutation
 l - 4 potions of curing
 m - a potion of berserk rage
 n - a potion of cancellation
 r - a potion of agility
 t - 2 potions of heal wounds
 u - 3 potions of haste
 z - a potion of invisibility
 F - a potion of brilliance {unknown}
Comestibles
 c - 20 rations


   Skills:
 - Level 6.1 Fighting
 * Level 15.9 Axes
 - Level 2.4 Armour
 - Level 2.1 Dodging


You had 9 spell levels left.
You didn't know any spells.
Your spell library contained the following spells:

 Spells                   Type           Power        Failure   Level  Hunger
 Animate Skeleton         Necr           N/A          63%         1    ##.....
 Apportation              Tloc           #.....       63%         1    ##.....
 Confusing Touch          Hex            #.....       63%         1    ##.....
 Summon Small Mammal      Summ           #...         63%         1    ##.....


Dungeon Overview and Level Annotations

Branches:
Dungeon (8/15)             Temple (0/1) D:4
   Lair: D:8-11

Altars:
Cheibriados
Dithmenos
Fedhas
Hepliaklqana
Okawaru
Sif Muna
Trog
Yredelemnul

Shops:
D:6 (   D:7 !


Innate Abilities, Weirdness & Mutations

You reflexively headbutt those who attack you in melee.
You have a pair of horns on your head.


Message History

The puff of flame hits the three-headed hydra.
The three-headed hydra is heavily wounded.
The three-headed hydra bites you!
The three-headed hydra barely misses you.
The three-headed hydra bites you!
There is an open gate here.
The three-headed hydra bites you.
* * * LOW HITPOINT WARNING * * *
The three-headed hydra bites you.
* * * LOW HITPOINT WARNING * * *
The three-headed hydra bites you!
* * * LOW HITPOINT WARNING * * *
Things that are here:
4 stones; a big kobold corpse You enter the shallow water.
Moving in this stuff is going to be slow.
The three-headed hydra bites you!
* * * LOW HITPOINT WARNING * * *
The three-headed hydra bites you.
You die...

##. ##.#...## ... ##
#.....# # ..... #.#.(.# #
#.#. #.....# # #...
###...# # #.###..#####
#...# ##### .......)...#
#...# .^...
####..####.#####...##.####
#. #.@................
#####D#####............
#.≈.≈(≈PP#.[..........
#...(K)≈P###...##.....
#..P..P≈≈# #...# #####
#.....≈≈P# #...#
#.....P≈.# #.>.#
##'''###+# ...# #.....#.)#


You could see a three-headed hydra.

Vanquished Creatures
  2 dream sheep (D:8)
  2 yaks (D:8)
  2 hungry ghosts (D:8)
  Duvessa (D:7)
  2 ice beasts
  A sky beast (D:7)
  4 centaurs
  An eye of draining (D:8)
  6 ogres
  A phantom (D:5)
  2 big kobolds (D:8)
  A bullfrog (D:6)
  A water moccasin zombie (D:7)
  Dowan (D:7)
  3 killer bees (D:6)
  5 wights (D:8)
  2 howler monkeys
  5 crimson imps
  A bullfrog zombie (D:6)
  2 centaur zombies (D:6)
  3 orc priests
  4 hounds
  2 bullfrog skeletons (D:7)
  A centaur skeleton (D:6)
  2 orc wizards (D:4)
  4 worker ants
  A killer bee zombie (D:6)
  A mummy (D:6)
  11 gnolls
  A howler monkey skeleton (D:5)
  2 river rats (D:6)
  9 adders
  An ooze (D:3)
  2 adder skeletons
  2 worms
  2 dart slugs
  11 leopard geckos
  17 orcs
  A ball python (D:1)
  5 bats
  7 giant cockroaches
  5 goblins
  6 hobgoblins
  8 jackals
  4 quokkas
  3 frilled lizards
  A jackal skeleton (D:5)
  8 kobolds
  2 quokka skeletons
  A quokka zombie (D:7)
  8 rats
180 creatures vanquished.

Notes
Turn   | Place    | Note
-------+----------+-------------------------------------------
     0 | D:1      | Froggeryz the Minotaur Berserker began the quest for the
                  | Orb.
     0 | D:1      | Reached XP level 1. HP: 19/19 MP: 0/0
    21 | D:1      | Reached skill level 4 in Axes
    40 | D:1      | Reached XP level 2. HP: 26/27 MP: 1/1
   872 | D:2      | Reached XP level 3. HP: 33/33 MP: 2/2
  1093 | D:2      | Reached ** piety under Trog
  1093 | D:2      | Reached skill level 5 in Axes
  1158 | D:2      | Reached XP level 4. HP: 27/41 MP: 3/3
  1487 | D:2      | You fall into a shaft and drop 1 floor!
  1516 | D:3      | Noticed an ogre
  1522 | D:3      | Killed an ogre
  1522 | D:3      | Reached skill level 5 in Fighting
  1522 | D:3      | Reached skill level 6 in Axes
  1522 | D:3      | Reached XP level 5. HP: 48/48 MP: 4/4
  1988 | D:3      | Reached skill level 7 in Axes
  1988 | D:3      | Reached XP level 6. HP: 50/56 MP: 5/5
  2731 | D:4      | Found a shadowy altar of Dithmenos.
  3026 | D:4      | Reached *** piety under Trog
  3026 | D:4      | Reached skill level 8 in Axes
  3413 | D:4      | Found a blossoming altar of Fedhas.
  3415 | D:4      | Found an iron altar of Okawaru.
  3417 | D:4      | Found a bloodstained altar of Trog.
  3423 | D:4      | Reached XP level 7. HP: 58/63 MP: 6/6
  3571 | D:4      | Found a staircase to the Ecumenical Temple.
  3780 | D:5      | Entered Level 5 of the Dungeon
  3832 | D:4      | HP: 2/63 [something/magic dart (7)]
  4101 | D:5      | Reached skill level 9 in Axes
  4428 | D:5      | Reached skill level 10 in Axes
  4462 | D:5      | Found a basalt altar of Yredelemnul.
  4657 | D:5      | Reached XP level 8. HP: 46/70 MP: 7/7
  5007 | D:6      | Reached skill level 11 in Axes
  5279 | D:6      | Found a hazy altar of Hepliaklqana.
  5312 | D:6      | Got a faintly glowing hand axe
  5313 | D:6      | Identified the cursed +1 hand axe of Insomnia {drain,
                  | Str+2} (You found it on level 6 of the Dungeon)
  5758 | D:6      | Reached skill level 12 in Axes
  5961 | D:6      | Reached **** piety under Trog
  6059 | D:6      | Found a snail-covered altar of Cheibriados.
  6133 | D:6      | Found Rihimize's Weapon Shoppe.
  6351 | D:7      | Reached skill level 13 in Axes
  6351 | D:7      | Reached XP level 9. HP: 31/75 MP: 8/8
  6729 | D:7      | Found a deep blue altar of Sif Muna.
  6908 | D:7      | Noticed Duvessa
  6908 | D:7      | Noticed Dowan
  6926 | D:7      | Killed Dowan
  6928 | D:7      | Killed Duvessa
  7068 | D:7      | Reached skill level 14 in Axes
  7085 | D:7      | Found Ijum Nodgh's Distillery.
  7248 | D:8      | Reached skill level 15 in Axes
  7468 | D:8      | Reached XP level 10. HP: 55/83 MP: 9/9
  7511 | D:8      | Noticed a three-headed hydra
  7526 | D:8      | HP: 2/83 [three-headed hydra (13)]
  7526 | D:8      | Slain by a three-headed hydra

Levels and vault maps discovered:
D:1:      beargit_arrival_greenhouse, layout_basic
D:2:      wander_river, layout_loops_ring, minmay_fountain_box,
          serial_park_tiny_pond
D:3:      layout_basic, minmay_cut_off
D:4:      layout_cave_pods, gammafunk_temple_overflow_forgotten,
          minmay_temple_entry_enclosed_plants, first_ration,
          minmay_misc_feat_pillars, nicolae_dithmenos_shadow_blocks
D:5:      kennysheep_six_static_rooms, layout_cave_pools,
          overflow_temple_1_default
D:6:      kb_forest_paths, layout_basic, slow_altar_1,
          nicolae_overflow_crystal_walls, serial_shops, nicolae_shop_trees,
          gup_sewer_entry_spiral
D:7:      layout_rooms, serial_shops, kennysheep_mini, basic_altar, uniq_duvessa
D:8:      layout_loops_cross, hangedman_ranch [blue_anna_fruit_fields],
          chequers_serial_rivers_micro_a, kennysheep_generic_room_16,
          uniq_gastronok

Skill      XL: |  1  2  3  4  5  6  7  8  9 |
---------------+----------------------------+-----
Axes           | 4 5 6 7 8 10 13 15 | 15.9
Fighting       | 4 5 6 |  6.1
Armour         | |  2.4
Dodging        | |  2.1

Action                   |  1- 3 |  4- 6 |  7- 9 | 10-12 || total
-------------------------+-------+-------+-------+-------++-------
Melee: Hand axe          |    66 |   107 |   327 |     2 ||   502
       Headbutt          |     7 |    19 |    73 |     1 ||   100
Throw: Dart              |       |       |     4 |       ||     4
Invok: Berserk           |     1 |     2 |     3 |       ||     6
       Trog's Hand       |       |       |     1 |       ||     1
Evoke: Wand              |       |       |       |     5 ||     5
  Use: Scroll            |       |     1 |    19 |       ||    20
       Potion            |       |       |     3 |       ||     3
 Stab: Sleeping          |       |     2 |       |       ||     2
  Eat: Chunk             |     1 |    11 |    24 |     4 ||    40
Armor: Animal skin       |    14 |     7 |    14 |       ||    35
       Ring mail         |       |       |    60 |     4 ||    64
Dodge: Dodged            |    49 |    69 |   134 |     4 ||   256

Table legend:
 A = Non-vault XP
 B = Vault XP
 C = Vault XP percentage of total XP
 D = Non-vault monster count
 E = Vault monster count
 F = Vault count percentage of total count
                 A         B        C        D         E       F
            +---------+---------+-------+---------+---------+-------
      Total |    3924 |    1925 |  32.9 |     150 |      30 |  16.7
            +---------+---------+-------+---------+---------+-------
        D:1 |      40 |       0 |   0.0 |      22 |       0 |   0.0
        D:2 |      98 |       0 |   0.0 |      16 |       0 |   0.0
        D:3 |     277 |      18 |   6.1 |      25 |       4 |  13.8
        D:4 |     342 |       0 |   0.0 |      22 |       0 |   0.0
        D:5 |     508 |     186 |  26.8 |      13 |       5 |  27.8
        D:6 |     692 |     388 |  35.9 |      19 |      13 |  40.6
        D:7 |     834 |     214 |  20.4 |      17 |       2 |  10.5
        D:8 |    1133 |    1119 |  49.7 |      16 |       6 |  27.3
            +---------+---------+-------+---------+---------+-------
